 Dungeon Crawl Stone Soup version 0.31-a0-986-g5e6e4ef867 (webtiles) character file.

Game seed: 13864741156109002605

164 garrulousMonolith the Gusty (level 5, -10/29 HPs)
             Began as a Deep Elf Air Elementalist on Nov 15, 2023.
             Mangled by Edmund
             ... wielding a +1 heavy dire flail
              (12 damage)
             ... on level 4 of the Dungeon.
             The game lasted 00:05:10 (2736 turns).

garrulousMonolith the Gusty (DEAE)                  Turns: 2736, Time: 00:05:11

Health: -10/29     AC:  6    Str:  5    XL:     5   Next: 21%
Magic:  5/12       EV: 12    Int: 22    God:
Gold:   215        SH:  0    Dex: 21    Spells: 5/11 levels left

rFire   . . .        z - +1 short sword (elec)
rCold   . . .        (no shield)
rNeg    . . .        s - +0 leather armour
rPois   .            d - +2 helmet
rElec   .            (no cloak)
rCorr   .            (no gloves)
SInv    .            (no boots)
Will    .....        (no amulet)
Stlth   ++           e - ring of wizardry
HPRegen 0.24/turn    p - +6 ring of dexterity
MPRegen 0.13/turn

%: wizardry (x1)
@: invisible
A: no striking features
a: no special abilities


You were on level 4 of the Dungeon.
You visited 1 branch of the dungeon, and saw 4 of its levels.

You collected 215 gold pieces.

Inventory:

Hand Weapons
 k - a +2 whip of draining
 n - a +0 short sword of venom
 z - a +1 short sword of electrocution (weapon)
Missiles
 u - a throwing net
 v - 6 poisoned darts
Armour
 a - a +0 robe
 d - a +2 helmet (worn)
 l - a +0 ring mail
 s - a +0 leather armour (worn)
Jewellery
 e - a ring of wizardry (left hand)
 p - a +6 ring of dexterity (right hand)
Scrolls
 h - a scroll of fog {unknown}
 j - a scroll of noise {unknown}
 q - a scroll of enchant weapon {unknown}
 t - a scroll of blinking {unknown}
 w - a scroll of butterflies {unknown}
 y - a scroll of vulnerability {unknown}
Potions
 b - a potion of magic
 c - a potion of attraction {unknown}
 g - a potion of degeneration {unknown}
 i - a potion of berserk rage
 m - a potion of lignification {unknown}
 o - a potion of might {unknown}
 r - a potion of brilliance {unknown}
 x - a potion of heal wounds {unknown}


   Skills:
 + Level 1.1 Fighting
 + Level 3.2 Dodging
 - Level 3.0 Stealth
 + Level 3.7 Spellcasting
 * Level 3.0 Conjurations
 * Level 4.0 Air Magic


You had 5 spell levels left.
You knew the following spells:

 Your Spells              Type           Power      Damage    Failure   Level
a - Shock                 Conj/Air       76%        1d7       1%          1
b - Static Discharge      Conj/Air       38%        3-5/arc   2%          2
c - Swiftness             Air            22%        N/A       4%          3

Your spell library contained the following spells:

 Spells                   Type           Power      Damage    Failure   Level
 Airstrike                Air            11%        2d(2-18)  14%         4
 Gell's Gravitas          Tloc           4%         N/A       22%         3
 Teleport Other           Tloc           4%         N/A       22%         3
 Olgreb's Toxic Radiance  Pois           4%         N/A       56%         4
 Dispersal                Tloc           2%         N/A       100%        6
 Discord                  Hex            2%         N/A       100%        8
 Ignition                 Fire           2%         3d3       100%        8


Dungeon Overview and Level Annotations

Branches:
Dungeon (4/15)
 Temple: D:4-7

Altars:
Cheibriados
Hepliaklqana
Nemelex Xobeh
Xom

Shops:
D:2 [

Annotations:
D:4 Edmund


Message History

There is a stone staircase leading up here.
Edmund is nearby!
Casting: Shock (safe; 1% risk of failure)
Confirm with . or Enter, or press ? or * to list all spells.
Aiming: Shock (safe; 1% risk of failure)
Press: ? - help, Shift-Dir - straight line, f - Edmund
Aim: Edmund, wielding a +1 heavy dire flail and wearing a +0 ring mail (asleep, 100% to hit)
The zap hits Edmund but does no damage.
Edmund shouts!
Casting: Shock (safe; 1% risk of failure)
Confirm with . or Enter, or press ? or * to list all spells.
Aiming: Shock (safe; 1% risk of failure)
Press: ? - help, Shift-Dir - straight line, f/p - Edmund
Aim: Edmund, wielding a +1 heavy dire flail and wearing a +0 ring mail (75% to hit)
The zap hits Edmund but does no damage.
Casting: Shock (safe; 1% risk of failure)
Confirm with . or Enter, or press ? or * to list all spells.
Edmund is struck by an arc of lightning.
Edmund is lightly wounded.
You are struck by an arc of lightning.
The lightning grounds out.
Edmund hits you with a +1 heavy dire flail.
Casting: Static Discharge (safe; 2% risk of failure)
Confirm with . or Enter, or press ? or * to list all spells.
Edmund is struck by an arc of lightning.
Edmund is moderately wounded.
You are struck by an arc of lightning.
The lightning grounds out.
Edmund hits you with a +1 heavy dire flail.
Edmund hits you with a +1 heavy dire flail.
Casting: Static Discharge (safe; 2% risk of failure)
Confirm with . or Enter, or press ? or * to list all spells.
Edmund is struck by an arc of lightning.
Edmund is moderately wounded.
You are struck by an arc of lightning.
Edmund hits you with a +1 heavy dire flail!!
Ouch! That really hurt!
* * * LOW HITPOINT WARNING * * *
You fade into invisibility!
Edmund hits you with a +1 heavy dire flail!
You die...
Edmund whines, "They better pay attention to me now!"

#.# #..
####.##.. #
.###.......##..
.........!....#
#..............
..............!
#.....^.$.....
#.....@@......
#.............
#.............
#......?......
#.#[.........#
# .#...#######
....#.#
....##.#


You could see Edmund (unable to see you).

Vanquished Creatures
  Jessica (D:2)
  Terence (D:2)
  A gnoll (D:1)
  3 adders
  3 worms
  3 dart slugs
  8 orcs (D:3)
  4 ball pythons
  2 endoplasms
  A giant cockroach (D:3)
  5 goblins
  4 hobgoblins
  A jackal (D:2)
  7 kobolds
  5 quokkas
  4 bats
  4 frilled lizards
  2 rats
59 creatures vanquished.

Notes
Turn   | Place    | Note
-------+----------+-------------------------------------------
     0 | D:1      | garrulousMonolith the Deep Elf Air Elementalist began the
                  | quest for the Orb.
     0 | D:1      | Reached XP level 1. HP: 10/10 MP: 6/6
   244 | D:1      | Reached XP level 2. HP: 15/15 MP: 6/8
   386 | D:1      | Found a faded altar of an unknown god.
   764 | D:2      | Reached XP level 3. HP: 20/20 MP: 7/9
   767 | D:2      | Learned a level 2 spell: Static Discharge
   771 | D:2      | Learned a level 3 spell: Swiftness
  1006 | D:2      | Noticed Jessica
  1016 | D:2      | Killed Jessica
  1154 | D:2      | Found Tarphiru's Antique Armour Shoppe.
  1348 | D:2      | Reached XP level 4. HP: 24/24 MP: 7/11
  1839 | D:3      | Noticed Terence
  1846 | D:2      | Killed Terence
  1847 | D:2      | Reached skill level 1 in Fighting
  2117 | D:3      | Found a snail-covered altar of Cheibriados.
  2124 | D:3      | Found a sparkling altar of Nemelex Xobeh.
  2163 | D:3      | Reached skill level 4 in Air Magic
  2163 | D:3      | Reached XP level 5. HP: 29/29 MP: 9/12
  2519 | D:3      | Found a shimmering altar of Xom.
  2520 | D:3      | Found a hazy altar of Hepliaklqana.
  2520 | D:3      | Noticed a will-o-the-wisp
  2521 | D:3      | Noticed a spectral ugly thing
  2521 | D:3      | Noticed a will-o-the-wisp
  2521 | D:3      | Noticed a will-o-the-wisp
  2727 | D:4      | Noticed Edmund
  2735 | D:4      | HP: 1/29 [Edmund/+1 heavy dire flail (18)]
  2736 | D:4      | Mangled by Edmund

Illustrated notes

Levels and vault maps discovered:
D:1:      minmay_arrival_radiant_lines, layout_rooms, basic_ecumenical_altar,
          st_stairs_1, corexii_corridor_pit, nicolae_houndstooth_variations
D:2:      layout_basic, serial_glass, glass_columns_b, glass_columns_c,
          serial_shops, nicolae_shop_advertising_works
          [nicolae_subvault_shop_adworks], minmay_joined_circles, uniq_jessica
D:3:      layout_basic, regret_index_temple_of_mockery,
          amethyst_overflow_temple_binary, uniq_terence
D:4:      layout_rooms, kennysheep_generic_room_13, uniq_edmund

Skill      XL: |  1  2  3  4  5 |
---------------+----------------+-----
Stealth        | 3 |  3.0
Conjurations   | 2 3 |  3.0
Dodging        | 3 |  3.2
Fighting       | 1 |  1.1
Air Magic      | 4 |  4.0
Spellcasting   | |  3.7

Action                     |  1- 3 |  4- 6 || total
---------------------------+-------+-------++-------
  Melee: Dagger            |     5 |       ||     5
         Whip              |       |     4 ||     4
   Cast: Shock             |    55 |    76 ||   131
         Static Discharge  |       |     4 ||     4
    Use: Scroll            |     2 |       ||     2
         Potion            |       |     2 ||     2
 Armour: Robe              |    14 |     8 ||    22
         Leather armour    |       |    22 ||    22
  Dodge: Dodged            |     6 |    21 ||    27

Table legend: (Time is in decaauts)
 A = Elapsed time spent in this place.
 B = Non-inter-level travel time spent in this place.
 C = Inter-level travel time spent in this place.
 D = Time resting spent in this place.
 E = Time spent auto-exploring this place.
 F = Levels seen in this place.
 G = Mean time per level.
                   A        B        C        D        E       F      G
               +--------+--------+--------+--------+--------+-----+--------+
         Total |   2734 |   2667 |     67 |    314 |   1862 |   4 |  683.5 |
       Dungeon |   2734 |   2667 |     67 |    314 |   1862 |   4 |  683.5 |
               +--------+--------+--------+--------+--------+-----+--------+

Top non-repeatable levels by time:
     D:2: 1107 daAuts
     D:3: 856 daAuts
     D:1: 761 daAuts
     D:4: 8 daAuts
